 Dungeon Crawl Stone Soup version 0.31.0-12-g77e489cdc1 (webtiles) character file.

Game seed: 8137094270406930862

210 Ijustatesigmund the Cudgeller (level 5, 0/34 HPs)
             Began as a Gargoyle Fighter on Feb 26, 2024.
             Slain by an iguana (10 damage)
             ... on level 4 of the Dungeon.
             The game lasted 00:04:27 (2759 turns).

Ijustatesigmund the Cudgeller (Gargoyle Fighter)    Turns: 2759, Time: 00:04:28

Health: 0/34       AC: 13    Str: 18 (20) XL:     5   Next: 88%
Magic:  5/5        EV:  9    Int:  7 (10) God:
Gold:   227        SH:  0    Dex:  6 (9)  Spells: 4/4 levels left

rFire   + . .        a - +0 flail
rCold   + . .        c - +0 buckler
rNeg    + . .        b - +0 scale mail
rPois   ∞            (no helmet)
rElec   +            p - scarf {rC+ rF+}
rCorr   .            e - +1 pair of gloves
SInv    .            (no boots)
Will    .....        (no amulet) Stlth
                     (no ring)
HPRegen 0.25/turn    (no ring)
MPRegen 0.09/turn

%: no passive effects
@: confused, brilliant
A: sickness immunity, AC +4, negative energy resistance 1, electricity
resistance, torment resistance 1, petrification resistance
a: no special abilities


You were on level 4 of the Dungeon.
You visited 1 branch of the dungeon, and saw 4 of its levels.

You collected 227 gold pieces.

Inventory:

Hand Weapons
 a - a +0 flail (weapon)
Armour
 b - a +0 scale mail (worn)
 c - a +0 buckler (worn)
 e - a +1 pair of gloves (worn)
 k - a +0 cloak
 p - a scarf of resistance (worn)
Wands
 l - a wand of iceblast (11)
 o - a wand of quicksilver (14)
Scrolls
 g - a scroll of revelation
Potions
 d - a potion of might
 f - 2 potions of attraction
 m - a potion of brilliance


   Skills:
 + Level 4.6 Fighting
 + Level 5.1 Maces & Flails
 - Level 3.2 Armour
 - Level 3.2 Shields


You had 4 spell levels left.
You didn't know any spells.
Your spell library contained the following spells:

 Spells                   Type           Power      Damage    Failure   Level
 Call Canine Familiar     Summ           0%         N/A       99%         3
 Sigil of Binding         Hex            0%         N/A       99%         3
 Dimensional Bullseye     Hex/Tloc       0%         N/A       100%        4


Dungeon Overview and Level Annotations

Branches:
Dungeon (4/15)
 Temple: D:4-7

Altars:
Uskayaw

Shops:
D:2 :


Innate Abilities, Weirdness & Mutations

You are immune to sickness and miasma.
Your stone body is resilient. (AC +4)
You are immune to poison.
You resist negative energy. (rN+)
You are resistant to electric shocks. (rElec)
You are resistant to unholy torment.
You are immune to petrification.


Message History

* * * LOW HITPOINT WARNING * * *
The iguana completely misses you. The orc hits you but does no damage.
It was a potion of degeneration.
There was something very wrong with that liquid.
You feel weakened.
You feel dopey.
You feel clumsy. Something completely misses you.
The iguana bites you but does no damage.
The orc hits you with a +0 flail!
* * * LOW HITPOINT WARNING * * *
It was a potion of curing.
You feel better. Something hits you but does no damage.
The iguana barely misses you. The orc hits you but does no damage.
It was a potion of magic.
Magic courses through your body.
You hear some strange, mumbled words.
You are confused.
The iguana bites you but does no damage.
The orc hits you with a +0 flail.
* * * LOW HITPOINT WARNING * * *
It was a potion of ambrosia.
You are more confused.
You feel invigorated. Something hits you.
* * * LOW HITPOINT WARNING * * *
The iguana bites you but does no damage.
The orc hits you but does no damage.
You completely miss something. The iguana closely misses you.
The orc hits you with a +0 flail.
* * * LOW HITPOINT WARNING * * *
Something hits you but does no damage. The iguana bites you!
* * * LOW HITPOINT WARNING * * *
The orc hits you but does no damage.
You feel less invigorated. The iguana attacks as it pursues you!
The iguana bites you but does no damage.
The iguana bites you but does no damage.
The orc attacks as it pursues you! The orc closely misses you.
The iguana attacks as it pursues you! The iguana bites you.
* * * LOW HITPOINT WARNING * * *
The orc attacks as it pursues you! The orc barely misses you.
The iguana attacks as it pursues you! The iguana bites you!
You die...

#.................
#.........####....
######### #.......†#
##... #.......#
#........## ####
#.#._.#.# #.........#
##.......####........#
.#.........##.........#
#....8.8...l.........##
...?.......o@....[...#
...8...).8......#...##
................#...#
...8.....8...†..##.##
#...............####
##...8.8.........#
#...............#
###..###........#
#.........


You could see an iguana and an orc.

Vanquished Creatures
  A bombardier beetle (D:3)
  A hound (D:4)
  6 adders
  4 ribbon worms
  3 dart slugs
  2 orcs (D:4)
  7 bats
  6 endoplasms
  3 giant cockroaches
  3 goblins (D:2)
  5 hobgoblins
  4 jackals (D:4)
  5 quokkas
  9 ball pythons
  3 frilled lizards
  8 kobolds
  3 rats
73 creatures vanquished.

Notes
Turn   | Place    | Note
-------+----------+-------------------------------------------
     0 | D:1      | Ijustatesigmund the Gargoyle Fighter began the quest for
                  | the Orb.
     0 | D:1      | Reached XP level 1. HP: 14/14 MP: 1/1
   160 | D:1      | Reached XP level 2. HP: 19/19 MP: 2/2
   226 | D:1      | Reached skill level 3 in Maces & Flails
   235 | D:1      | Found a faded altar of an unknown god.
   725 | D:2      | Found Odoth's Book Emporium.
   779 | D:2      | Reached XP level 3. HP: 12/23 MP: 3/3
  1432 | D:2      | Reached skill level 4 in Maces & Flails
  1642 | D:2      | Reached XP level 4. HP: 23/28 MP: 4/4
  2338 | D:3      | Reached XP level 5. HP: 33/33 MP: 5/5
  2638 | D:4      | Reached skill level 5 in Maces & Flails
  2640 | D:4      | Found a hide-covered altar of Uskayaw.
  2748 | D:4      | HP: 1/34 [orc/+0 flail (7)]
  2759 | D:4      | Slain by an iguana

Illustrated notes

Levels and vault maps discovered:
D:1:      eino_arrival_cavern_b, layout_rooms,
          ebering_ecumenical_altar_abandoned, hex_large,
          nicolae_concentric_dashed_squares_mild
D:2:      layout_basic, serial_curves, eino_curves_01, eino_curves_01,
          serial_shops, nicolae_shop_back_alley_shop, minmay_bisected
D:3:      layout_rooms, kennysheep_generic_room_15
D:4:      layout_cave_pods, nicolae_uskayaw_dance_hall

Skill      XL: |  1  2  3  4  5 |
---------------+----------------+-----
Maces & Flails | 3 4 5 |  5.1
Fighting       | 4 |  4.6
Armour         | |  3.2
Shields        | |  3.2

Action                     |  1- 3 |  4- 6 || total
---------------------------+-------+-------++-------
  Melee: Flail             |   121 |   168 ||   289
    Use: Scroll            |       |     3 ||     3
         Potion            |       |     5 ||     5
 Armour: Scale mail        |    91 |   157 ||   248
  Dodge: Dodged            |    51 |   107 ||   158
  Block: Buckler           |    22 |    34 ||    56
